AoeStats
← hiyro

Arena

508458474Analyzed
1v1 RM · 10d ago on Sep 22, 2026· 39m 25s· 2 players
Game mode
Random Map
Map size
Tiny (2 player)
Population
200
Speed
Normal
Resources
Standard
Victory
Conquest
Starting age
Dark Age
Ending age
Imperial Age
RankedLock teamsTeams togetherTeam positionsShared explorationLock speedFull tech treeHidden civsTurbo modeCheats
Victory
Defeat
🇨🇴 Saracens · Colombia
997
+16
🇷🇴 Turks · Romania
997
-16
hiyro
11:15 Feudal Age
16:34 Castle Age
23:15 Double-Bit Axe
23:25 Loom
26:00 Wheelbarrow
26:43 Horse Collar
34:33 Imperial Age
36:56 Husbandry
37:09 Bloodlines
37:32 Hand Cart
Pizza
8:15 Loom
10:17 Feudal Age
8:35 Loom
11:59 Town Watch
15:34 Castle Age
14:49 Double-Bit Axe
14:46 Horse Collar
17:16 Bow Saw
17:48 Scale Barding Armor
22:44 Devotion
26:00 Wheelbarrow
28:10 Fervor
35:11 Imperial Age
34:40 Hand Cart
34:25 Town Patrol
34:48 Heavy Plow
34:40 Gold Mining
34:40 Stone Mining
38:15 Elite Mameluke
Connection lost

Rejoining the realm…

Still unreachable

The connection could not be restored.

Session expired

The server has moved on; the page needs a fresh start.